 Dungeon Crawl Stone Soup version 0.23-a0-681-g26ad783 (webtiles) character file.

53 Bwemp the Shooter (level 3, -3/26 HPs)
             Began as a Demonspawn Wanderer on Jan 10, 2019.
             Slain by Terence
             ... wielding a +3 falchion of holy wrath
              (15 damage)
             ... on level 2 of the Dungeon.
             The game lasted 00:03:56 (1373 turns).

Bwemp the Shooter (Demonspawn Wanderer)             Turns: 1373, Time: 00:03:57

Health: -3/26      AC:  7    Str: 15    XL:     3   Next: 62%
Magic:  4/4        EV: 10    Int: 18    God:
Gold:   19         SH:  0    Dex: 10    Spells: 3/4 levels left

rFire    . . .     SeeInvis .   a - +2 shortbow
rCold    . . .     Gourm    .   (shield currently unavailable)
rNeg     . . .     Faith    .   d - +0 ring mail
rPois    .         Spirit   .   i - +0 helmet
rElec    .         Reflect  .   e - +0 cloak
rCorr    .         Harm     .   (no gloves)
MR       .....                  (no boots)
Stlth    +.........             (no amulet)
HPRegen  0.08/turn              (no ring)
MPRegen  0.09/turn              (no ring)

@: mighty, very slightly contaminated, invisible
A: talons 1, powered by death 1
a: no special abilities


You were on level 2 of the Dungeon.
You were not hungry.

You visited 1 branch of the dungeon, and saw 2 of its levels.

You collected 19 gold pieces.

Inventory:

Hand Weapons
 a - a +2 shortbow (weapon)
 g - a +0 spear
Missiles
 b - 15 arrows (quivered)
Armour
 d - a +0 ring mail (worn)
 e - a +0 cloak (worn)
 i - a +0 helmet (worn)
Jewellery
 k - an uncursed ring of magical power {unknown}
 l - an uncursed ring of wizardry {unknown}
 m - a cursed +3 ring of strength {unknown}
Scrolls
 c - 2 scrolls of identify {unknown}
 n - a scroll of amnesia {unknown}
 p - a scroll of immolation {unknown}
 r - a scroll of enchant armour {unknown}
Potions
 q - a potion of brilliance {unknown}
 s - a potion of curing {unknown}
Comestibles
 f - 2 rations


   Skills:
 - Level 1.0 Fighting
 + Level 3.3 Bows
 - Level 2.6 Armour
 - Level 1.0 Stealth
 - Level 1.0 Spellcasting
   Level 1.7 Translocations
   Level 1.0 Evocations


You had 3 spell levels left.
You knew the following spells:

 Your Spells              Type           Power        Failure   Level  Hunger
a - Sandblast             Erth           #.....       36%         1    ##.....

Your spell library contained the following spells:

 Spells                   Type           Power        Failure   Level  Hunger
 Stone Arrow              Conj/Erth      #.....       75%         3    ####...


Dungeon Overview and Level Annotations

Branches:
Dungeon (2/15)

Altars:

Annotations:
D:2 Terence


Innate Abilities, Weirdness & Mutations

You have sharp toenails.
You regenerate a little health from kills.


Message History

You feel sick.
You see here a goblin corpse.
Firing (i - inventory)
b - 17 arrows (quivered)
Press: ? - help, Shift-Dir - straight line, f - Terence
Aim: Terence, wielding a +3 falchion of holy wrath and wearing a +0 ring mail You shoot an arrow.
The arrow hits Terence but does no damage.
Terence shouts, "DIE!!!"
Terence misses you.
You feel sick.
You are no longer poisoned.
Firing (i - inventory)
b - 16 arrows (quivered)
Press: ? - help, Shift-Dir - straight line, f/p - Terence
Aim: Terence, wielding a +3 falchion of holy wrath and wearing a +0 ring mail You shoot an arrow.
The arrow hits Terence but does no damage.
Terence hits you with a +3 falchion of holy wrath!
You convulse!
Ouch! That really hurt!
You die...

###..# ....
##..## #....#
#....# #..<.#
########....#
......(.....#
#######.@...#
######....@.####
#........(..#
####.#####)(##.#
......#...)(....#
#......†.....####
#.#####....###
##.#####....#
............#


You could see Terence.

Vanquished Creatures
  An adder (D:2)
  2 leopard geckos (D:1)
  A giant cockroach (D:1)
  5 goblins
  3 hobgoblins (D:1)
  3 jackals (D:1)
  9 bats
  2 frilled lizards (D:1)
  6 kobolds
  9 rats
41 creatures vanquished.

Notes
Turn   | Place    | Note
-------+----------+-------------------------------------------
     0 | D:1      | Bwemp the Demonspawn Wanderer began the quest for the Orb.
     0 | D:1      | Bwemp set off with the following items: a +2 shortbow, 25
                  | arrows, a +0 ring mail, a ration; and the following spell
                  | memorised: Sandblast; and the following spells available to
                  | memorise: Stone Arrow
     0 | D:1      | Reached XP level 1. HP: 15/15 MP: 2/2
   310 | D:1      | Reached skill level 2 in Bows
   310 | D:1      | Gained mutation: You have sharp toenails. [demonic
                  | ancestry]
   310 | D:1      | Reached XP level 2. HP: 20/21 MP: 3/3
   911 | D:1      | Gained mutation: You regenerate a little health from kills.
                  | [demonic ancestry]
   911 | D:1      | Reached XP level 3. HP: 24/26 MP: 4/4
  1231 | D:2      | Noticed Terence
  1291 | D:2      | Reached skill level 3 in Bows
  1373 | D:2      | Slain by Terence

Vault maps used:
D:1:      dpeg_arrival_round_b, minmay_misc_feat_doors,
          minmay_misc_feat_diagonals
D:2:      wander_river, lemuel_crystal_altar, minmay_rat_hole, uniq_robin,
          uniq_terence

Skill      XL: |  1  2  3 |
---------------+----------+-----
Bows           | 2 3 |  3.3
Fighting       | |  1.0
Armour         | |  2.6
Stealth        | |  1.0
Spellcasting   | |  1.0
Translocations | |  1.7
Evocations     | |  1.0

Action                   || total
-------------------------++-------
Melee: Short sword       ||    21
       Spear             ||    48
       Kick              ||     9
 Fire: Shortbow          ||    64
  Use: Potion            ||     3
  Eat: Chunk             ||     1
Armor: Ring mail         ||    97
Dodge: Dodged            ||    91

Table legend:
 A = Non-vault XP
 B = Vault XP
 C = Vault XP percentage of total XP
 D = Non-vault monster count
 E = Vault monster count
 F = Vault count percentage of total count
                 A         B        C        D         E       F
            +---------+---------+-------+---------+---------+-------
      Total |      76 |       0 |   0.0 |      41 |       0 |   0.0
            +---------+---------+-------+---------+---------+-------
        D:1 |      52 |       0 |   0.0 |      33 |       0 |   0.0
        D:2 |      24 |       0 |   0.0 |       8 |       0 |   0.0
            +---------+---------+-------+---------+---------+-------
